 Dungeon Crawl Stone Soup version 0.15-a0-1723-gae8f746 (webtiles) character file.

9030 BluebellGnoll the Nimble (level 11, -2/75 HPs)
             Began as an Octopode Wanderer on June 26, 2014.
             Was a Believer of Elyvilon.
             Incinerated by a mottled dragon (7 damage)
             ... with a sticky flame
             ... on Level 11 of the Dungeon.
             The game lasted 01:41:03 (13990 turns).

BluebellGnoll the Nimble (Octopode Wanderer)       Turns: 13990, Time: 01:41:05

HP  -2/75        AC  1     Str 13      XL: 11   Next: 40%
MP  20/20        EV 18     Int 16      God: Elyvilon [**....]
Gold 635         SH  5     Dex 13      Spells:  4 memorised,  2 levels left

rFire  . . .     SeeInvis .     a - +4 hand axe
rCold  . . .     Clarity  .     c - +1 buckler
rNeg   . . .     rCorr    .     (helmet restricted)
rPois  .         rRot     .     O - amulet of the gourmand
rElec  .         Spirit   .     r - ring of protection from magic
SustAb .         Warding  .     t - ring of protection from magic
rMut   .         Stasis   .     R - +3 ring of dexterity
Gourm  +                        (no ring)
MR     ++...                    (no ring)
                                (no ring)
                                (no ring)
                                (no ring)

@: liquid flames, glowing, very resistant to hostile enchantments, unstealthy
A: almost no armour, amphibious, 8 rings, constrict 8, camouflage 1, high mp 1,
slow healing 1, weak 1, gelatinous body 1, placid magic 1
a: Lesser Healing, Lesser Self-Healing, Divine Protection, Purification,
Renounce Religion


You were on level 11 of the Dungeon.
You worshipped Elyvilon.
Elyvilon was pleased with you.
You were very full.

You visited 2 branches of the dungeon, and saw 12 of its levels.
You also visited: Sewer.

You collected 635 gold pieces.

Inventory:

Hand weapons
 a - a +4 hand axe (weapon)
 y - a +0 blowgun
 G - a +0 short sword of venom
Missiles
 k - 6 tomahawks
 x - 30 poisoned needles
 K - 2 javelins
 M - a throwing net
 P - 6 steel javelins (quivered)
Armour
 c - a +1 buckler (worn)
Magical devices
 h - a wand of enslavement (9)
 A - a wand of flame (5)
Comestibles
 i - 4 bread rations
 o - 4 meat rations
 w - 2 chunks of orc flesh
 C - a royal jelly
 D - 3 chunks of orc flesh
 L - 4 beef jerkies
 Q - 6 fruits
Scrolls
 e - a scroll of amnesia
 n - 2 scrolls of recharging
 p - 2 scrolls of enchant armour
 q - 2 scrolls of fear
 u - 2 scrolls of teleportation
 v - a scroll of fog
 F - a scroll of immolation
 H - 2 scrolls of remove curse
 I - 2 scrolls of enchant weapon
 J - a scroll of blinking
Jewellery
 j - an uncursed ring of fire
 r - a ring of protection from magic (left tentacle)
 t - a ring of protection from magic (right tentacle)
 O - an amulet of the gourmand (around mantle)
 R - a +3 ring of dexterity (on tentacle)
Potions
 d - a potion of agility {unknown}
 f - 2 potions of restore abilities
 g - 3 potions of magic
 l - 10 potions of curing
 z - a potion of flight {unknown}
 B - a potion of brilliance
Books
 m - a Young Poisoner's Handbook

   Spells                             Type                      Level
   *Sting                             Conjuration/Poison           1
   *Cure Poison                       Poison                       2
   *Mephitic Cloud                    Conjuration/Poison/Air       3
   Olgreb's Toxic Radiance            Poison                       4
   Venom Bolt                         Conjuration/Poison           5
 s - a book of Dreams

   Spells                             Type                      Level
   *Ensorcelled Hibernation           Hexes/Ice                    2
   Flight                             Charms/Air                   3
   Phase Shift                        Translocation                5
   Shadow Creatures                   Summoning                    5
   Mass Confusion                     Hexes                        6
   Darkness                           Hexes                        7
Magical staves
 N - an uncursed staff of power {unknown}


   Skills:
 - Level 7.0 Fighting
 * Level 7.5 Axes
 - Level 5.0 Throwing
 * Level 11.4 Dodging
 - Level 3.4 Stealth
 - Level 3.1 Shields
 * Level 3.6 Conjurations
 - Level 1.9 Hexes
 * Level 6.6 Poison Magic
 - Level 4.9 Invocations


You had 2 spell levels left.
You knew the following spells:

 Your Spells              Type           Power        Failure   Level  Hunger
a - Ensorcelled Hibernat  Hex/Ice        #.....       17%         2    ###....
b - Cure Poison           Pois           ##........   1%          2    ###....
c - Mephitic Cloud        Conj/Pois/Air  #.......     11%         3    ####...
d - Sting                 Conj/Pois      ##..         1%          1    ##.....


Dungeon Overview and Level Annotations

Branches:
Dungeon (11/15)            Temple (1/1) D:5             Orc (0/4) D:10
   Lair: D:8-11

Altars:
Dithmenos
Elyvilon
Fedhas
Makhleb
Okawaru
Qazlal
Trog
Vehumet
Yredelemnul
Zin
The Shining One

Shops:
D:8 %   D:10 (


Innate Abilities, Weirdness & Mutations

You cannot wear most types of armour.
You are amphibious.
You can wear up to eight rings at the same time.
You can use your tentacles to constrict many enemies at once.
Your skin changes colour to match your surroundings (Stealth).
Your rubbery body absorbs attacks (AC +1).
You have an increased reservoir of magic (+10% MP).
You heal slowly when monsters are visible.
You are weak. (Str -2)
Your spells are a little easier to cast, but a little less powerful.


Message History

You are covered in liquid flames!
* * * LOW HITPOINT WARNING * * *
You are too injured to fight recklessly!
Eat one of 2 chunks of giant frog flesh? (ye/n/q/i?) This raw flesh tastes great.
You are covered in liquid flames!
* * * LOW HITPOINT WARNING * * *
You continue eating.
You are covered in liquid flames!
* * * LOW HITPOINT WARNING * * *
You continue eating.
You are covered in liquid flames!
* * * LOW HITPOINT WARNING * * *
Eat a chunk of giant frog flesh? (ye/n/q/i?) This raw flesh tastes great.
You are covered in liquid flames!
* * * LOW HITPOINT WARNING * * *
You continue eating.
You are covered in liquid flames!
You die...

#......# ###### ######
#......# #..... #....#
#...[..# #._... #####....#
#...[..####.....
#........######...............
#.............................
#.$...........................
#####.######.....#########....
#.# #.@...# #.... #.# #.....+
#.### #.# #.%.).# #.# #.#
#.....# #.# #.# #....... ..#
#.# #........ .
#.######..##### #.........#
#..<.....5#


You could see a crimson imp.

Vanquished Creatures
  Nessos (D:11)
  Erolcha (D:11)
  A hill giant (D:10)
  Maurice (D:11)
  A gargoyle (D:10)
  A feature mimic (D:11)
  A centaur skeleton (D:10)
  2 trolls (D:10)
  A yak (D:8)
  A hill giant zombie (D:9)
  Eustachio (D:6)
  A wolf (D:11)
  Edmund (D:6)
  A hungry ghost (D:7)
  A mottled dragon (D:11)
  An ice beast (D:10)
  6 orc warriors
  3 phantoms
  2 necrophages
  A sky beast (D:4)
  A yellow wasp (D:10)
  4 centaurs
  5 ogres
  7 big kobolds
  5 giant frogs
  A wyvern skeleton (D:6)
  5 wights (D:9)
  3 killer bees (D:8)
  A hippogriff skeleton (D:7)
  4 goliath beetles
  A quasit (D:9)
  2 crimson imps
  2 big fish (Sewer)
  A jelly (D:7)
  6 orc priests
  13 orc wizards
  5 worker ants
  4 iguanas
  Jessica (D:2)
  A worker ant zombie (D:9)
  8 adders
  A gnoll (D:1)
  2 scorpion zombies
  An orc zombie (D:7)
  A shadow imp (D:11)
  A giant mite (Sewer)
  A steam dragon skeleton (D:8)
  A worm (D:6)
  4 giant geckos
  2 oozes
  35 orcs
  2 ball pythons
  17 bats
  6 giant cockroaches
  9 goblins
  18 hobgoblins
  3 quokkas
  3 giant newts
  A hobgoblin skeleton (D:4)
  17 jackals
  26 kobolds
  A kobold skeleton (D:4)
  11 rats
  A rat skeleton (D:4)
  14 ballistomycetes
  A plant (Sewer)
288 creatures vanquished.

Vanquished Creatures (others)
  A black bear (D:11)
  3 orcs
  A quokka (D:7)
  2 giant newts
  2 giant spores
  A kobold (Sewer)
  A rat (Sewer)
11 creatures vanquished.

Grand Total: 299 creatures vanquished

Notes
Turn   | Place    | Note
--------------------------------------------------------------
     0 | D:1      | BluebellGnoll, the Octopode Wanderer, began the quest for the Orb.
     0 | D:1      | Reached XP level 1. HP: 21/21 MP: 1/1
   168 | D:1      | Reached XP level 2. HP: 23/27 MP: 2/2
   707 | D:2      | Reached XP level 3. HP: 32/32 MP: 3/3
   979 | D:2      | Noticed Jessica
  1008 | D:2      | Killed Jessica
  1008 | D:2      | Reached skill level 1 in Throwing
  1008 | D:2      | Reached XP level 4. HP: 36/38 MP: 4/4
  1364 | D:3      | Reached skill level 1 in Dodging
  1501 | D:3      | Reached XP level 5. HP: 43/43 MP: 5/5
  1559 | D:3      | Noticed a phantom
  1577 | D:3      | Killed a phantom
  1577 | D:3      | Reached XP level 6. HP: 15/49 MP: 6/6
  1932 | D:3      | Learned a level 2 spell: Ensorcelled Hibernation
  2061 | D:4      | Found a white marble altar of Elyvilon.
  2071 | D:4      | Became a worshipper of Elyvilon the Healer
  2253 | D:4      | Reached skill level 1 in Hexes
  2253 | D:4      | Reached skill level 1 in Invocations
  2490 | D:4      | Found a burning altar of Makhleb.
  2535 | D:4      | Found a basalt altar of Yredelemnul.
  2855 | D:4      | Reached XP level 7. HP: 47/54 MP: 3/9
  3367 | D:5      | Entered Level 5 of the Dungeon
  3398 | D:5      | Found a staircase to the Ecumenical Temple.
  3409 | Temple   | Entered the Ecumenical Temple
  3631 | D:5      | Learned a level 2 spell: Cure Poison
  3750 | D:5      | Acquired Elyvilon's first power
  4647 | D:6      | Found a stormy altar of Qazlal.
  4706 | D:6      | Noticed Eustachio
  4718 | D:6      | Killed Eustachio
  4718 | D:6      | Reached skill level 1 in Poison Magic
  4801 | D:6      | Found a glowing drain.
  4809 | Sewer    | Entered a sewer
  5054 | Sewer    | Reached XP level 8. HP: 47/60 MP: 13/13
  5632 | D:6      | Noticed Edmund
  5646 | D:6      | Killed Edmund
  5646 | D:6      | Reached skill level 5 in Dodging
  5668 | D:6      | Reached skill level 5 in Throwing
  6103 | D:7      | Learned a level 3 spell: Mephitic Cloud
  6194 | D:7      | Reached XP level 9. HP: 55/64 MP: 14/16
  7128 | D:7      | Found a glowing silver altar of Zin.
  7463 | D:8      | Reached skill level 8 in Dodging
  7855 | D:8      | Reached skill level 1 in Conjurations
  8045 | D:8      | HP: 3/64 [orc/trident (7)]
  8048 | D:8      | Reached skill level 5 in Poison Magic
  8120 | D:8      | HP: 3/64 [orc wizard/magic dart (8)]
  8335 | D:8      | Found an iron altar of Okawaru.
  8548 | D:8      | Found Oblif's Food Shoppe.
  8606 | D:8      | Reached XP level 10. HP: 42/71 MP: 16/18
  8759 | D:8      | Learned a level 1 spell: Sting
  9193 | D:9      | Reached skill level 5 in Axes
  9252 | D:9      | Reached skill level 9 in Dodging
  9642 | D:8      | Acquired Elyvilon's second power
 10688 | D:9      | Found a bloodstained altar of Trog.
 10978 | D:10     | Entered Level 10 of the Dungeon
 10978 | D:10     | Found Kufanowe's Weapon Boutique.
 11138 | D:10     | Noticed a hill giant
 11598 | D:10     | Killed a hill giant
 11598 | D:10     | Reached skill level 10 in Dodging
 12327 | D:10     | Found a staircase to the Orcish Mines.
 12510 | D:10     | Identified a scroll of acquirement
 12546 | D:10     | Reached XP level 11. HP: 73/75 MP: 19/19
 13041 | D:11     | HP: 1/75 [something (12)]
 13348 | D:11     | Noticed Erolcha
 13355 | D:11     | Killed Erolcha
 13437 | D:11     | Reached skill level 11 in Dodging
 13758 | D:11     | Noticed Nessos
 13777 | D:11     | Gained mutation: You are weak. (Str -2) [potion of mutation]
 13777 | D:11     | Gained mutation: You heal slowly when monsters are visible. [potion of mutation]
 13777 | D:11     | Gained mutation: Your spells are a little easier to cast, but a little less powerful. [potion of mutation]
 13778 | D:11     | Gained mutation: You have an increased reservoir of magic (+10% MP). [potion of mutation]
 13801 | D:11     | Killed Nessos
 13895 | D:11     | Noticed Maurice
 13903 | D:11     | Killed Maurice
 13925 | D:11     | Found a bloodstained altar of Trog.
 13990 | D:11     | Incinerated by a mottled dragon

Action                   |  1- 3 |  4- 6 |  7- 9 | 10-12 || total
-------------------------+-------+-------+-------+-------++-------
Melee: Hand axe          |    45 |    70 |   291 |   247 ||   653
Throw: Javelin           |       |    28 |   119 |    69 ||   216
       Tomahawk          |       |       |    22 |    28 ||    50
 Cast: Cure Poison       |       |       |     1 |     2 ||     3
       Mephitic Cloud    |       |       |       |     5 ||     5
Invok: Lesser Healing    |       |    18 |    76 |    39 ||   133
Evoke: Wand              |       |       |       |     6 ||     6
  Use: Potion            |     3 |       |     3 |    14 ||    20
       Scroll            |     3 |     7 |     7 |     4 ||    21
 Stab: Sleeping          |     3 |     9 |    18 |     4 ||    34
